 Dungeon Crawl Stone Soup version 0.24.0 (webtiles) character file.

Game seed: 11817051302362256786, levelgen mode: deterministic

142 NeoElementia the Cutter (level 5, 0/34 HPs)
             Began as a Halfling Skald on Mar 5, 2020.
             Was a Follower of Cheibriados.
             Succumbed to a kobold's poison
             ... on level 3 of the Dungeon.
             The game lasted 00:14:51 (2437 turns).

NeoElementia the Cutter (Halfling Skald)            Turns: 2437, Time: 00:14:52

Health: 0/34       AC:  6    Str: 15    XL:     5   Next: 49%
Magic:  0/8        EV: 15    Int: 15    God:    Cheibriados [*.....]
Gold:   104        SH:  0    Dex: 17    Spells: 0/8 levels left

rFire    x . .     SeeInvis .   a - +1 short sword
rCold    + . .     Gourm    .   (shield restricted)
rNeg     . . .     Faith    .   b - +1 leather armour
rPois    .         Spirit   .   n - +0 helmet
rElec    .         Reflect  .   (no cloak)
rCorr    .         Harm     .   m - +0 pair of gloves
MR       .....                  (no boots)
Stlth    +.........             (no amulet)
HPRegen  0.11/turn              c - ring of ice
MPRegen  0.11/turn              (no ring)

@: lethally poisoned (0 -> -4), very slow
A: small, mutation resistance 1
a: Bend Time, Renounce Religion


You were on level 3 of the Dungeon.
You worshipped Cheibriados.
Cheibriados was aware of your devotion.
You were hungry.

You visited 1 branch of the dungeon, and saw 3 of its levels.

You collected 104 gold pieces.

Inventory:

Hand Weapons
 a - a +1 short sword (weapon)
Armour
 b - a +1 leather armour (worn)
 i - a +0 ring mail
 m - a +0 pair of gloves (worn)
 n - a +0 helmet (worn)
Jewellery
 c - a ring of ice (left hand)
Wands
 o - a wand of random effects (9)
Scrolls
 j - 2 scrolls of remove curse
 k - 2 scrolls of identify
Potions
 e - a potion of agility
 f - a potion of might {unknown}
 g - 5 potions of heal wounds {unknown}
 l - a potion of mutation {unknown}
Comestibles
 d - 2 rations


   Skills:
 - Level 1.9 Fighting
 + Level 4.3 Short Blades
 - Level 1.5 Armour
 - Level 2.3 Dodging
 - Level 0.5 Stealth
 * Level 2.2 Spellcasting
 * Level 4.2 Charms


You couldn't memorise any spells.
You knew the following spells:

 Your Spells              Type           Power        Failure   Level  Hunger
a - Infusion              Chrm           ##..         4%          1    #......
b - Song of Slaying       Chrm           ##......     7%          2    ###....
c - Spectral Weapon       Hex/Chrm       #.......     32%         3    ###....
d - Shroud of Golubria    Chrm/Tloc      #.....       17%         2    ###....

Your spell library contained the following spells:

 Spells                   Type           Power        Failure   Level  Hunger
 Regeneration             Chrm/Necr      #.........   32%         3    ###....


Dungeon Overview and Level Annotations

Branches:
Dungeon (3/15)

Altars:
Cheibriados


Innate Abilities, Weirdness & Mutations

You are small and have problems with some larger weapons.
You are somewhat resistant to further mutation.


Message History

Things that are here:
a +0 war axe; 20 gold pieces You puncture the ooze!
The ooze is heavily wounded.
You are no longer magically infusing your attacks.
* * * LOW HITPOINT WARNING * * *
You feel sick. The ooze barely misses you.
You hit the ooze.
You kill the ooze!
Cheibriados appreciates the change of pace.
* * * LOW HITPOINT WARNING * * *
You feel sick.
You hit the worm.
The worm is moderately wounded.
You hit the worm.
The worm is severely wounded.
The worm bites you but does no damage.
You hit the worm.
The worm is almost dead.
You die...

# # ..... # #...#
## #...# .. #...#
## ... #.#
####w####.#
#######(..@.....#
#.......(())#......
#.#####.#†).# #.#..
#.# #.#.....o.#
##.# #.##........
#..# #.....#.#...
#.## ####........
#.# #....##.. #.#
#.#### .


You could see a worm.

Vanquished Creatures
  An orc wizard (D:3)
  3 adders (D:2)
  2 oozes
  A worm (D:2)
  3 dart slugs
  A leopard gecko (D:1)
  3 orcs (D:3)
  5 giant cockroaches
  8 goblins
  5 hobgoblins
  4 jackals (D:2)
  A quokka (D:3)
  11 bats
  3 frilled lizards
  5 kobolds
  6 rats
62 creatures vanquished.

Notes
Turn   | Place    | Note
-------+----------+-------------------------------------------
     0 | D:1      | NeoElementia the Halfling Skald began the quest for the
                  | Orb.
     0 | D:1      | Reached XP level 1. HP: 14/14 MP: 3/3
    69 | D:1      | Reached XP level 2. HP: 13/19 MP: 0/4
   537 | D:1      | Reached XP level 3. HP: 20/24 MP: 2/5
  1198 | D:2      | Learned a level 2 spell: Song of Slaying
  1330 | D:2      | Reached XP level 4. HP: 9/29 MP: 0/6
  1594 | D:2      | Learned a level 3 spell: Spectral Weapon
  1824 | D:2      | You fall into a shaft and drop 1 floor!
  1956 | D:2      | Found a faded altar of an unknown god.
  1979 | D:2      | Became a worshipper of Cheibriados the Contemplative
  1979 | D:2      | Reached * piety under Cheibriados
  2248 | D:2      | Reached XP level 5. HP: 34/34 MP: 4/8
  2260 | D:2      | Learned a level 2 spell: Shroud of Golubria
  2434 | D:3      | HP: 1/34 [poisoned by a kobold]
  2437 | D:3      | Succumbed to a kobold's poison

Levels and vault maps discovered:
D:1:      nzn_arrival_depleted_hourglass, layout_basic
D:2:      layout_loops_ring, chequers_ecumenical_altar_island
D:3:      layout_loops_cross, first_ration
